 Dungeon Crawl Stone Soup version 0.28.0-45-g0d030f2227 (webtiles) character file.

Game seed: 5402311914948665846

12 pkoi the Conjurer (level 2, 0/20 HPs)
             Began as a Demigod Conjurer on Apr 8, 2022.
             Slain by a frilled lizard (2 damage)
             ... on level 1 of the Dungeon.
             The game lasted 00:00:27 (326 turns).

pkoi the Conjurer (Demigod Conjurer)                 Turns: 326, Time: 00:00:28

Health: 0/20       AC:  2    Str:  8    XL:     2   Next: 9%
Magic:  0/7        EV: 12    Int: 20    God:
Gold:   12         SH:  0    Dex: 12    Spells: 4/5 levels left

rFire   . . .      SeeInvis .   (no weapon)
rCold   . . .      Faith    .   (no shield)
rNeg    . . .      Spirit   .   a - +0 robe
rPois   .          Reflect  .   (no helmet)
rElec   .          Harm     .   (no cloak)
rCorr   .          Rampage  .   (no gloves)
Will    .....                   (no boots)
Stlth   ++........              (no amulet)
HPRegen 0.06/turn               (no ring)
MPRegen 0.10/turn               (no ring)

@: no status effects
A: high MP 1, forlorn, divine attributes
a: no special abilities


You were on level 1 of the Dungeon.
You visited 1 branch of the dungeon, and saw 1 of its levels.

You collected 12 gold pieces.

Inventory:

Armour
 a - a +0 robe (worn)


   Skills:
 - Level 1.7 Dodging
 - Level 1.7 Stealth
 + Level 2.0 Spellcasting
 * Level 4.0 Conjurations


You had 4 spell levels left.
You knew the following spells:

 Your Spells              Type           Power      Damage    Failure   Level
a - Magic Dart            Conj           72%        1d6       3%          1

Your spell library contained the following spells:

 Spells                   Type           Power      Damage    Failure   Level
 Searing Ray              Conj           36%        2d5       4%          2
 Dazzling Flash           Conj/Hex       20%        N/A       21%         3
 Fulminant Prism          Conj/Hex       5%         3d7       56%         4
 Iskenderun's Mystic Bla  Conj/Tloc      10%        2d4       56%         4


Dungeon Overview and Level Annotations

Branches:
Dungeon (1/15)

Shops:
D:1 !


Innate Abilities, Weirdness & Mutations

You have an increased reservoir of magic. (+10% MP)
You shall have no god before yourself.
Your divine heritage dramatically boosts your attributes as you level up.


Message History

The jackal bites you.
* * * LOW HITPOINT WARNING * * *
The frilled lizard bites you.
* * * LOW HITPOINT WARNING * * *
You hit the jackal but do no damage.
The jackal is moderately wounded.
The jackal completely misses you. The frilled lizard closely misses you.
You hit the jackal.
The jackal is severely wounded.
The jackal completely misses you. The frilled lizard closely misses you.
The jackal misses you.
You hit the jackal but do no damage.
The jackal is severely wounded.
The jackal bites you.
* * * LOW HITPOINT WARNING * * *
The frilled lizard closely misses you.
You hit the jackal but do no damage.
The jackal is severely wounded.
The jackal bites you but does no damage.
The frilled lizard closely misses you. The jackal barely misses you.
Aiming: Magic Dart (safe; 3% risk of failure)
Press: ? - help, Q - select action Shift-Dir - straight line, f - jackal
Aim: a jackal (severely wounded, 100% to hit)
The magic dart hits the jackal but does no damage.
The jackal is severely wounded.
The jackal closely misses you. The frilled lizard barely misses you.
You barely miss the jackal. Your punch misses the jackal.
The jackal is severely wounded.
The jackal barely misses you. The frilled lizard bites you.
* * * LOW HITPOINT WARNING * * *
You hit the jackal.
You kill the jackal!
The frilled lizard hisses.
The frilled lizard misses you.
Things that are here:
a jackal corpse; a jackal corpse; a jackal corpse You hit the frilled lizard.
The frilled lizard is heavily wounded.
The frilled lizard bites you.
You die...

....♣ ###B..# #######..♣♣
###.#####
#.....#..≈♣#######.h.....#
#...<.#...#♣....##.#######
#.....#..♣......#.h#
#.....'...#..>....##
#....P#..♣♣......##
###+###..#♣#....#########
.........# #....@lB.....#
.........♣ ########....≈.
♣#.♣.###♣# ..≈.≈ ##.♣ ≈...
♣♣ .∩. .. ≈


You could see a giant cockroach and a frilled lizard.

Vanquished Creatures
  A dart slug (D:1)
  A ball python (D:1)
  A bat (D:1)
  A giant cockroach (D:1)
  4 jackals (D:1)
8 creatures vanquished.

Notes
Turn   | Place    | Note
-------+----------+-------------------------------------------
     0 | D:1      | pkoi the Demigod Conjurer began the quest for the Orb.
     0 | D:1      | Reached XP level 1. HP: 14/14 MP: 5/5
   293 | D:1      | Found Vuicval's Distillery.
   314 | D:1      | Reached skill level 4 in Conjurations
   314 | D:1      | Reached XP level 2. HP: 9/20 MP: 0/7
   323 | D:1      | HP: 1/20 [frilled lizard (2)]
   326 | D:1      | Slain by a frilled lizard

Illustrated notes

Levels and vault maps discovered:
D:1:      saegor_arrival_under_anarchy, layout_rooms, serial_shops,
          nicolae_diamond_shop, minmay_shallow_snake_nest

Skill      XL: |  1 |
---------------+----+-----
Spellcasting   | 2 |  2.0
Conjurations   | 4 |  4.0
Dodging        | |  1.7
Stealth        | |  1.7

Action                   || total
-------------------------++-------
Melee: Unarmed           ||    29
 Cast: Magic Dart        ||    14
Armor: Robe              ||    16
Dodge: Dodged            ||    38
